AoeStats
← kjubab

Black Forest

509085300Analyzed
2v2 RM · 8d ago on Sep 25, 2026· 51m 34s· 4 players
Game mode
Random Map
Map size
Medium (4 player)
Population
200
Speed
Normal
Resources
Standard
Victory
Conquest
Starting age
Dark Age
Ending age
Imperial Age
RankedLock teamsTeams togetherTeam positionsShared explorationLock speedFull tech treeHidden civsTurbo modeCheats
Victory
Defeat
🇨🇳 Huns · China
806
+13
🇫🇷 Hindustanis · France
735
+15
🇨🇿 Bohemians · Czechia
761
-15
🇨🇿 Vietnamese · Czechia
708
-13
kjubab
0:57 Loom
15:36 Feudal Age
16:56 Double-Bit Axe
19:25 Castle Age
22:00 Fletching
22:35 Bodkin Arrow
23:18 Bow Saw
28:12 Forging
28:02 Scale Mail Armor
29:28 Squires
29:25 Arson
31:49 Pikeman
36:25 Iron Casting
36:05 Chain Mail Armor
36:54 Chemistry
36:10 Masonry
42:27 Imperial Age
42:31 Halberdier
45:15 Blast Furnace
44:45 Plate Mail Armor
44:03 Elite Skirmisher
Kedrgda
1:35 Loom
13:08 Feudal Age
15:36 Wheelbarrow
14:50 Double-Bit Axe
16:02 Gold Mining
16:03 Stone Mining
23:36 Castle Age
23:30 Padded Archer Armor
23:22 Fletching
23:31 Horse Collar
29:06 Bodkin Arrow
29:59 Hand Cart
29:19 Elite Skirmisher
30:48 Bow Saw
30:44 Heavy Plow
32:25 Leather Archer Armor
34:07 Caravan
37:39 Town Watch
39:54 Pikeman
40:35 Squires
40:49 Scale Mail Armor
41:00 Forging
43:45 Imperial Age
43:38 Chain Mail Armor
43:59 Iron Casting
47:23 Plate Mail Armor
47:24 Ring Archer Armor
46:55 Bracer
48:52 Ballistics
49:25 Paper Money
Pouet
2:22 Loom
15:26 Feudal Age
16:43 Fishing Lines
16:56 Double-Bit Axe
21:26 Castle Age
21:33 Stone Mining
21:38 Gold Mining
23:06 Bow Saw
30:04 Imperial Age
28:53 Grand Trunk Road
30:05 Gold Shaft Mining
29:59 Forging
32:01 Chemistry
31:23 Scale Barding Armor
32:41 Chain Barding Armor
33:29 Bloodlines
35:25 Husbandry
37:37 Plate Barding Armor
37:39 Ballistics
37:51 Heavy Camel Rider
39:36 Thumb Ring
41:33 Caravan
44:25 Shatagni
44:47 Conscription
44:58 Padded Archer Armor
46:09 Imperial Camel Rider
48:47 Iron Casting
aszsgs
0:32 Loom
14:22 Feudal Age
14:53 Double-Bit Axe
14:52 Horse Collar
15:50 Wheelbarrow
16:25 Gold Mining
16:29 Stone Mining
22:23 Castle Age
24:02 Caravan
24:37 Bow Saw
26:46 Scale Barding Armor
26:53 Forging
27:11 Bloodlines
27:02 Husbandry
36:52 Imperial Age
34:57 Chain Barding Armor
37:57 Iron Casting
37:46 Hand Cart
37:00 Cavalier
43:59 Plate Barding Armor
44:26 Blast Furnace
45:21 Paladin
47:42 Coinage
48:00 Conscription
47:11 Sappers
49:37 Two-Man Saw
49:49 Banking
Connection lost

Rejoining the realm…

Still unreachable

The connection could not be restored.

Session expired

The server has moved on; the page needs a fresh start.